 Dungeon Crawl Stone Soup version 0.21-a0-84-g85d6d27 (webtiles) character file.

9179 sscrono2 the Blocker (level 11, -3/72 HPs)
             Began as an Octopode Assassin on July 5, 2017.
             Was a Believer of Ashenzari.
             Slain by an unseen horror (8 damage)
             ... on level 11 of the Dungeon.
             The game lasted 00:27:37 (12951 turns).

sscrono2 the Blocker (Octopode Assassin)           Turns: 12951, Time: 00:27:37

Health: -3/72      AC:  1    Str: 15    XL:     11   Next: 42%
Magic:  11/11      EV: 18    Int: 17    God:    Ashenzari [**....]
Gold:   473        SH:  9    Dex: 15    Spells: 7/10 levels left

rFire    . . .     SeeInvis .   a - +2 dagger (elec) (curse)
rCold    + + .     Gourm    .   y - +2 buckler (curse)
rNeg     . . .     Faith    .   (helmet restricted)
rPois    .         Spirit   .   (no amulet)
rElec    .         Reflect  .   v - +2 ring of evasion (curse)
rCorr    .         Harm     .   z - +3 ring of intelligence (curse)
MR       .....                  d - ring of protection from cold (curse)
Stlth    +++++.....             (no ring)
HPRegen  0.22/turn              (no ring)
MPRegen  0.12/turn              (no ring)
                                (no ring)
                                (no ring)

@: mighty, invisible
A: almost no armour, stealthy swim, amphibious, 8 rings, constrict 8, antennae
1, fangs 1, camouflage 1, cold resistance 1, dopey 1, gelatinous body 1
a: Curse Item, Scrying, Renounce Religion


You were on level 11 of the Dungeon.
You worshipped Ashenzari.
Ashenzari was pleased with you.
You were full.

You visited 1 branch of the dungeon, and saw 11 of its levels.

You collected 725 gold pieces.
You spent 252 gold pieces at shops.

Inventory:

Hand Weapons
 a - a cursed +2 dagger of electrocution (weapon)
 b - a +0 blowgun
Missiles
 c - 27 poisoned needles
 j - a throwing net (quivered)
Armour
 y - a cursed +2 buckler (worn)
Jewellery
 d - a cursed ring of protection from cold (on tentacle)
 f - an uncursed ring of flight
 v - a cursed +2 ring of evasion (left tentacle)
 z - a cursed +3 ring of intelligence (right tentacle)
Wands
 e - a wand of disintegration (0/24)
 w - a wand of digging (12/24)
 E - a wand of digging (6/24)
Scrolls
 h - a scroll of noise {unknown}
 i - 3 scrolls of enchant armour
 k - 2 scrolls of amnesia {unknown}
 m - a scroll of immolation {unknown}
 n - 2 scrolls of fear {unknown}
 p - a scroll of random uselessness {unknown}
 q - 2 scrolls of recharging {unknown}
 A - a scroll of fog {unknown}
 D - 3 scrolls of enchant weapon {unknown}
 G - 3 scrolls of blinking {unknown}
 I - a scroll of magic mapping {unknown}
 N - a scroll of brand weapon {unknown}
Potions
 g - a potion of agility
 t - a potion of cancellation
 B - 5 potions of brilliance
 C - 3 potions of flight
 J - a potion of haste
Books
 l - a book of Minor Magic

   Spells                             Type                      Level
   a - Magic Dart                     Conjuration                  1
   b - Blink                          Translocation                2
   c - Call Imp                       Summoning                    2
   d - Slow                           Hexes                        2
   e - Conjure Flame                  Conjuration/Fire             3
   f - Mephitic Cloud                 Conjuration/Poison/Air       3
 r - a book of Misfortune

   Spells                             Type                      Level
   a - Confusing Touch                Hexes                        1
   b - Confuse                        Hexes                        3
   c - Gell's Gravitas                Translocation                3
   d - Petrify                        Transmutation/Earth          4
   e - Metabolic Englaciation         Hexes/Ice                    5
   f - Yara's Violent Unravelling     Hexes/Transmutation          5
Comestibles
 s - 8 royal jellies
 K - a bread ration
 L - 10 meat rations


   Skills:
 + Level 6.2 Fighting
 - Level 8.2(10.5) Short Blades
 - Level 2.0 Throwing
 + Level 5.5 Dodging
 + Level 9.3 Stealth
 * Level 9.9(11.2) Shields
 * Level 7.2 Hexes


You had 7 spell levels left.
You knew the following spells:

 Your Spells              Type           Power        Failure   Level  Hunger
a - Confuse               Hex            ###.....     3%          3    ####...


Dungeon Overview and Level Annotations

Branches:
Dungeon (11/15)            Temple (0/1) D:6            Lair (0/6) D:8
    Orc: D:9-12

Altars:
Ashenzari
Fedhas
Gozag
Hepliaklqana
Nemelex Xobeh
Okawaru
Trog
Vehumet
Wu Jian
Xom
Yredelemnul
Zin
The Shining One

Shops:
D:4 !

Annotations:
D:4 2 transporters


Innate Abilities, Weirdness & Mutations

You cannot wear most types of armour.
You are very stealthy in the water. (Stealth+)
You are amphibious.
You can wear up to eight rings at the same time.
You can use your tentacles to constrict eight enemies at once.
Your skin changes colour to match your surroundings (Stealth+).
Your rubbery body absorbs attacks. (AC +1, EV +1)
You have a pair of small antennae on your head.
You have very sharp teeth.
Your flesh is cold resistant. (rC+)
You are dopey. (Int -2)


Message History

A troll comes into view.
You swing at nothing.
Something hits you!
* * * LOW HITPOINT WARNING * * *
You barely miss something. Something hits you.
* * * LOW HITPOINT WARNING * * *
The troll moves out of view.
You closely miss something. You bite something. You block something's attack.
Something closely misses you.
You closely miss something. Your bite misses something. You miss something.
Your bite misses something. Something barely misses you. Something hits you.
* * * LOW HITPOINT WARNING * * *
You hit something. Your squeeze misses something. Something hits you.
* * * LOW HITPOINT WARNING * * *
You puncture something! Your squeeze misses something. Something hits you.
* * * LOW HITPOINT WARNING * * *
Something completely misses you.
You fade into invisibility!
Something hits you!
You die...

, ###.######...###......#
*#.............######..###
.......##.##.###........
#......(%...........# # ,
, ,...................#
#.#...##.##.#.#.##.## , *
#.#.#..)##.##.#.#.#
,........##........#
##......{@....#>###*, ** ,
, ...##.#########.# * , #
#. , , , ..# , , # * *
**#### * * *** * , ,, * **


There were no monsters in sight!

Vanquished Creatures
  A two-headed ogre (D:10)
  An ugly thing (D:10)
  3 centaur skeletons
  Grinder (D:4)
  2 hippogriffs
  6 yaks (D:8)
  Eustachio (D:6)
  Menkaure (D:6)
  Edmund (D:5)
  A porcupine (D:8)
  A water moccasin (D:5)
  5 orc warriors
  3 sky beasts
  4 ice beasts
  A necrophage (D:8)
  2 phantoms
  4 ogres
  5 centaurs
  3 crocodiles
  3 big kobolds
  Blork the orc (D:5)
  A gnoll sergeant (D:7)
  6 bullfrogs
  6 scorpions
  A water moccasin skeleton (D:5)
  Dowan (D:6)
  6 killer bees (D:10)
  8 wights
  3 howler monkeys
  8 crimson imps
  5 hounds
  8 jellies
  3 orc priests
  A centaur zombie (D:5)
  4 bullfrog skeletons
  A gnoll shaman (D:4)
  4 orc wizards
  2 iguanas
  6 worker ants
  A killer bee zombie (D:9)
  3 worker ant zombies
  13 gnolls
  A howler monkey skeleton (D:5)
  10 adders
  6 shadow imps
  5 oozes (D:8)
  4 worms
  2 adder skeletons
  2 adder zombies
  A dart slug (D:1)
  5 leopard geckos
  24 orcs
  A ball python (D:5)
  3 giant cockroaches (D:1)
  4 goblins
  10 hobgoblins
  24 jackals
  2 quokkas
  6 bats
  3 frilled lizards
  19 kobolds
  A quokka skeleton (D:4)
  A quokka zombie (D:6)
  7 rats
282 creatures vanquished.

Vanquished Creatures (others)
  3 fungi (D:8)
  3 plants (D:8)
6 creatures vanquished.

Grand Total: 288 creatures vanquished

Notes
Turn   | Place    | Note
-------+----------+-------------------------------------------
     0 | D:1      | sscrono2 the Octopode Assassin began the quest for the Orb.
     0 | D:1      | Reached XP level 1. HP: 14/14 MP: 1/1
    71 | D:1      | Reached XP level 2. HP: 16/19 MP: 2/2
   265 | D:1      | Reached XP level 3. HP: 19/24 MP: 3/3
   828 | D:2      | Reached XP level 4. HP: 24/29 MP: 4/4
  1232 | D:3      | Found a glowing golden altar of the Shining One.
  1270 | D:3      | Found a sparkling altar of Nemelex Xobeh.
  1289 | D:3      | Learned a level 3 spell: Confuse
  1767 | D:3      | Reached skill level 5 in Short Blades
  1767 | D:3      | Reached XP level 5. HP: 15/34 MP: 5/5
  2027 | D:4      | Noticed an ogre
  2036 | D:4      | Killed an ogre
  2036 | D:4      | Reached XP level 6. HP: 9/39 MP: 6/6
  2347 | D:4      | Reached skill level 1 in Shields
  2670 | D:4      | Noticed a phantom
  2778 | D:4      | Found a transporter.
  2784 | D:4      | Found a transporter.
  2806 | D:4      | Reached XP level 7. HP: 32/45 MP: 7/7
  2975 | D:4      | Noticed Grinder
  2985 | D:4      | Killed Grinder
  3303 | D:4      | Found an ornate altar of the Wu Jian Council.
  3794 | D:4      | Found Yhecem's Distillery.
  3802 | D:4      | Bought a potion of mutation for 112 gold pieces
  3802 | D:4      | Bought a potion of lignification for 42 gold pieces
  3802 | D:4      | Bought a potion of brilliance for 56 gold pieces
  3802 | D:4      | Bought a potion of flight for 42 gold pieces
  3859 | D:4      | Found a radiant altar of Vehumet.
  4511 | D:5      | Entered Level 5 of the Dungeon
  4552 | D:5      | Noticed Blork the orc
  4556 | D:5      | Killed Blork the orc
  4645 | D:5      | Reached XP level 8. HP: 40/50 MP: 8/8
  4688 | D:5      | Found a blossoming altar of Fedhas.
  5034 | D:5      | Found a shimmering altar of Xom.
  5140 | D:5      | Reached skill level 5 in Shields
  5259 | D:5      | Found a shattered altar of Ashenzari.
  5340 | D:5      | Became a worshipper of Ashenzari the Shackled
  5469 | D:5      | Reached skill level 1 in Hexes
  5531 | D:5      | Found a glowing silver altar of Zin.
  5983 | D:5      | Gained mutation: You have supernaturally acute eyesight. (SInv) [mutagenic meat]
  5984 | D:5      | Gained mutation: You have very sharp teeth. [mutagenic meat]
  5985 | D:5      | Gained mutation: You evolve. [mutagenic meat]
  5986 | D:5      | Gained mutation: One of your tentacles bears a spike. [mutagenic meat]
  5987 | D:5      | Gained mutation: Your spells are a little easier to cast, but a little less powerful. [mutagenic meat]
  5988 | D:5      | Gained mutation: You are dopey. (Int -2) [mutagenic meat]
  6180 | D:5      | Lost mutation: One of your tentacles bears a spike. [potion of mutation]
  6180 | D:5      | Lost mutation: You have supernaturally acute eyesight. (SInv) [potion of mutation]
  6180 | D:5      | Lost mutation: Your spells are a little easier to cast, but a little less powerful. [potion of mutation]
  6181 | D:5      | Lost mutation: You evolve. [potion of mutation]
  6181 | D:5      | Gained mutation: Your flesh is cold resistant. (rC+) [potion of mutation]
  6181 | D:5      | Gained mutation: You have a pair of small antennae on your head. [potion of mutation]
  6190 | D:6      | Noticed Edmund
  6197 | D:6      | Noticed Eustachio
  6215 | D:5      | Killed Edmund
  6236 | D:6      | Killed Eustachio
  6236 | D:6      | Reached XP level 9. HP: 46/56 MP: 9/9
  6358 | D:6      | Found a staircase to the Ecumenical Temple.
  6532 | D:6      | Noticed Menkaure
  6540 | D:6      | Killed Menkaure
  6762 | D:6      | Noticed Dowan
  6771 | D:6      | Killed Dowan
  7991 | D:7      | Reached XP level 10. HP: 65/65 MP: 10/10
  8138 | D:7      | Found a basalt altar of Yredelemnul.
  8182 | D:7      | Reached * piety under Ashenzari
  8350 | D:8      | HP: 3/65 [sky beast (5)]
  8649 | D:8      | Found a staircase to the Lair.
  8670 | D:8      | Reached skill level 5 in Hexes
  8893 | D:8      | Reached skill level 5 in Fighting
  9468 | D:8      | Found a hazy altar of Hepliaklqana.
  9812 | D:8      | Found a shimmering altar of Xom.
 10264 | D:8      | Found an iron altar of Okawaru.
 10357 | D:8      | Found a bloodstained altar of Trog.
 10761 | D:9      | Found an opulent altar of Gozag.
 10773 | D:9      | Reached XP level 11. HP: 72/72 MP: 11/11
 10969 | D:9      | Reached skill level 5 in Dodging
 11349 | D:10     | Entered Level 10 of the Dungeon
 11720 | D:10     | Noticed a cyan ugly thing
 11731 | D:10     | Killed a cyan ugly thing
 11808 | D:10     | Reached ** piety under Ashenzari
 12502 | D:10     | Noticed a two-headed ogre
 12508 | D:10     | Killed a two-headed ogre
 12826 | D:11     | Noticed a death yak
 12826 | D:11     | Noticed a death yak
 12826 | D:11     | Noticed a death yak
 12826 | D:11     | Noticed a death yak
 12826 | D:11     | Noticed a death yak
 12840 | D:11     | Found an opulent altar of Gozag.
 12951 | D:11     | Slain by an unseen horror

Vault maps used:
D:1:      grunt_arrival_crossed_arrows, minmay_misc_feat_square,
          grunt_decor_fettered, minmay_box_of_dots
D:2:      minivault_23
D:3:      nemelex_xobeh_ov_fountains_minmay, nicolae_tso_swordbearing_angel,
          first_bread
D:4:      gammafunk_steamed_eel, kennysheep_mini_moat,
          lemuel_coloured_pillars_altar, serial_shops, shop_statue, uniq_grinder
D:5:      kennysheep_little_box, zin_treasury, fedhas_bush_and_centaur_altar,
          basic_altar, uniq_blork_the_orc
D:6:      minmay_temple_entry_water_ring, hangedman_decor_points, uniq_edmund,
          uniq_eustachio, uniq_duvessa, uniq_menkaure
D:7:      lemuel_round_altar
D:8:      lemuel_round_altar, old_standard_altar, kennysheep_mini,
          overflow_temple_1_default, minmay_lair_entry_grove,
          hangedman_little_slice_of_home, minivault_11
D:9:      old_standard_altar, kennysheep_generic_room_13
D:10:     evilmike_butchery
D:11:     slaughterhouse, serial_shops, nicolae_shop_behind_doors,
          nicolae_gozag_seed_capital, uniq_urug

Skill      XL: |  1  2  3  4  5  6  7  8  9 10 11 |
---------------+----------------------------------+-----
Short Blades   | 3 4 5 6 7 8 |  8.2
Shields        | 2 4 6 7 9 |  9.9
Hexes          | 2 4 6 7 |  7.2
Stealth        | 6 7 8 9 |  9.3
Dodging        | 2 3 4 5 |  5.5
Fighting       | 3 4 5 6 |  6.2
Throwing       | |  2.0

Action                   |  1- 3 |  4- 6 |  7- 9 | 10-12 || total
-------------------------+-------+-------+-------+-------++-------
Melee: Dagger            |    75 |   119 |   378 |   375 ||   947
       Constrict         |    19 |    22 |    63 |    49 ||   153
       Tentacles         |    15 |    26 |    78 |    79 ||   198
       Bite              |       |       |    20 |    44 ||    64
 Fire: Blowgun           |       |     9 |       |    25 ||    34
Throw: Throwing net      |       |       |       |     2 ||     2
 Cast: Confuse           |       |       |       |    14 ||    14
Invok: Curse Item        |       |       |     5 |     1 ||     6
Evoke: Wand              |       |    10 |     7 |     4 ||    21
  Use: Scroll            |       |     3 |     5 |    10 ||    18
       Potion            |       |       |     8 |    11 ||    19
 Stab: Sleeping          |     6 |     9 |    14 |     9 ||    38
       Distracted        |       |     1 |       |     4 ||     5
       Paralysed         |       |       |     5 |       ||     5
       Confused          |       |       |       |     4 ||     4
       Held in net/web   |       |       |       |     2 ||     2
  Eat: Chunk             |       |     6 |    10 |     9 ||    25
       Bread ration      |       |       |     3 |     1 ||     4
       Royal jelly       |       |       |       |     4 ||     4
       Fruit             |       |       |       |     1 ||     1
Armor: Skin              |    10 |     6 |    22 |    11 ||    49
Dodge: Dodged            |    40 |    54 |   114 |   148 ||   356
Block: Buckler           |       |     8 |    65 |   102 ||   175
